AoeStats
← CTMlLOMBANA

MegaRandom

510671395Analyzed
4v4 RM · 11h ago on Oct 2, 2026· 45m 3s· 8 players
Game mode
Random Map
Map size
Large (8 player)
Population
200
Speed
Normal
Resources
Standard
Victory
Conquest
Starting age
Dark Age
Ending age
Imperial Age
RankedLock teamsTeams togetherTeam positionsShared explorationLock speedFull tech treeHidden civsTurbo modeCheats
Victory
Defeat
🇲🇽 Mapuche · Mexico
1425
+12
🇦🇷 Varangians · Argentina
1411
+13
🇨🇴 Danes · Colombia
1395
+13
🇺🇸 Mongols · United States
1385
+14
🇨🇱 Wei · Chile
1360
-13
🇨🇱 Saracens · Chile
1351
-14
🇨🇱 Gurjaras · Chile
1333
-13
🇨🇱 Varangians · Chile
1319
-12
sgt peppers s
5:09 Loom
6:16 Loom
9:24 Feudal Age
13:01 Fletching
17:13 Horse Collar
17:18 Double-Bit Axe
18:04 Padded Archer Armor
22:09 Wheelbarrow
26:11 Castle Age
24:39 Gold Mining
24:51 Horse Collar
28:44 Ballistics
28:37 Bodkin Arrow
31:55 Leather Archer Armor
33:02 Malon
35:23 Hand Cart
35:54 Bow Saw
35:46 Heavy Plow
39:55 Imperial Age
40:02 Elite Bolas Rider
42:24 Chemistry
41:58 Capped Ram
45:21 Conscription
[TOX2] Nicob
11:14 Feudal Age
12:37 Loom
15:35 Castle Age
13:39 Horse Collar
14:23 Double-Bit Axe
15:31 Bloodlines
22:32 Bow Saw
23:23 Scale Barding Armor
24:49 Forging
25:38 Town Watch
26:47 Chain Barding Armor
28:14 Wheelbarrow
32:25 Imperial Age
30:24 Gold Mining
30:27 Stone Mining
30:18 Vendel Legacy
33:59 Plate Barding Armor
34:15 Hand Cart
35:04 Two-Man Saw
34:51 Conscription
34:29 Elite Jarl
36:01 Iron Casting
36:49 Conscription
36:39 Husbandry
38:41 Blast Furnace
42:07 Stone Shaft Mining
CTMlLOMBANA
10:24 Feudal Age
11:24 Loom
11:39 Loom
14:25 Castle Age
12:39 Double-Bit Axe
15:47 Squires
15:33 Arson
15:53 Horse Collar
18:59 Scale Mail Armor
24:02 Chain Mail Armor
27:34 Fletching
29:48 Wheelbarrow
30:47 Heavy Plow
30:36 Hamask
31:55 Forging
32:44 Bow Saw
33:22 Hand Cart
37:16 Town Watch
40:50 Imperial Age
41:10 Iron Casting
42:29 Plate Mail Armor
42:59 Blast Furnace
42:30 Conscription
42:10 Elite Jomsviking
44:17 Town Patrol
DoctorDubbz
5:18 Loom
8:02 Feudal Age
8:37 Double-Bit Axe
17:44 Horse Collar
18:02 Fletching
26:46 Castle Age
25:04 Stone Mining
25:10 Gold Mining
27:32 Bodkin Arrow
28:49 Wheelbarrow
28:27 Bow Saw
28:27 Padded Archer Armor
30:03 Town Watch
30:47 Hand Cart
33:17 Leather Archer Armor
35:16 Husbandry
35:26 Bloodlines
38:29 Stone Shaft Mining
38:31 Gold Shaft Mining
42:21 Imperial Age
41:47 Ballistics
42:13 Masonry
44:20 Chemistry
43:27 Bracer
43:46 Thumb Ring
44:06 Parthian Tactics
44:54 Elite Mangudai
TioNachoooi
6:16 Loom
9:24 Feudal Age
10:43 Double-Bit Axe
15:13 Fletching
16:17 Horse Collar
25:51 Castle Age
25:52 Crossbowman
26:32 Bodkin Arrow
26:38 Padded Archer Armor
26:50 Bow Saw
26:45 Heavy Plow
28:16 Leather Archer Armor
28:27 Gold Mining
30:04 Wheelbarrow
31:08 Gold Shaft Mining
33:14 Ballistics
34:05 Ballistics
33:54 Stone Mining
34:36 Hand Cart
40:34 Imperial Age
38:59 Thumb Ring
40:38 Arbalester
41:25 Bracer
42:32 Chemistry
42:45 Ring Archer Armor
43:27 Conscription
44:09 Murder Holes
44:22 Siege Engineers
RaZeeeeK
6:59 Loom
10:15 Feudal Age
11:00 Double-Bit Axe
12:40 Horse Collar
16:51 Wheelbarrow
21:35 Castle Age
20:47 Gold Mining
22:32 Scale Barding Armor
22:25 Light Cavalry
23:50 Bow Saw
24:29 Forging
27:49 Heavy Plow
30:38 Hand Cart
31:31 Gold Shaft Mining
31:17 Bloodlines
31:52 Fletching
32:58 Bodkin Arrow
34:39 Fervor
37:35 Imperial Age
36:01 Chain Barding Armor
36:11 Town Watch
37:12 Iron Casting
36:51 Bloodlines
37:01 Tuntian
37:08 Husbandry
37:22 Stone Mining
37:58 Elite Tiger Cavalry
39:31 Conscription
39:53 Hoardings
39:30 Masonry
40:53 Blast Furnace
40:47 Bracer
41:58 Ming Guang Armor
42:46 Crop Rotation
42:51 Stone Shaft Mining
Loco Saiti
7:40 Loom
10:08 Feudal Age
10:47 Double-Bit Axe
13:15 Fletching
17:46 Padded Archer Armor
21:19 Castle Age
21:23 Crossbowman
21:58 Bodkin Arrow
22:40 Bodkin Arrow
26:50 Leather Archer Armor
29:55 Bow Saw
32:17 Bloodlines
33:03 Husbandry
36:07 Horse Collar
37:25 Ballistics
43:30 Wheelbarrow
46:53 Imperial Age
Pipeño
6:28 Loom
9:18 Feudal Age
10:02 Double-Bit Axe
10:05 Horse Collar
20:13 Castle Age
19:05 Scale Barding Armor
19:22 Gold Mining
21:11 Bloodlines
23:57 Chain Barding Armor
29:45 Husbandry
30:42 Wheelbarrow
30:48 Wheelbarrow
31:37 Heavy Plow
32:42 Forging
39:38 Imperial Age
38:45 Hand Cart
37:52 Vendel Legacy
38:21 Light Cavalry
39:30 Bow Saw
41:15 Plate Barding Armor
41:03 Conscription
42:27 Elite Jarl
43:44 Gothikon
43:57 Capped Ram
44:04 Onager
44:19 Hussar
Connection lost

Rejoining the realm…

Still unreachable

The connection could not be restored.

Session expired

The server has moved on; the page needs a fresh start.